 Seeded DCSS version 0.27.1-35-g4d5d836560 (webtiles) character file.

Game seed: 202203242345 (custom seed)

98 xaos the Covered (level 5, -1/41 HPs)
             Began as a Human Fighter on Mar 24, 2022.
             Slain by Pikel (4 damage)
             ... on level 3 of the Dungeon.
             The game lasted 00:18:20 (3096 turns).

xaos the Covered (Human Fighter)                    Turns: 3096, Time: 00:18:20

Health: -1/41      AC: 14    Str: 18    XL:     5   Next: 1%
Magic:  5/5        EV:  5    Int:  8    God:
Gold:   151        SH:  9    Dex: 12    Spells: 1/4 levels left

rFire    . . .     SeeInvis .   a - +0 long sword
rCold    . . .     Faith    .   c - +0 kite shield
rNeg     . . .     Spirit   .   q - +0 chain mail
rPois    .         Reflect  .   (no helmet)
rElec    .         Harm     .   (no cloak)
rCorr    .         Rampage  .   e - +2 pair of gloves
Will     .....                  m - +1 pair of boots
Stlth    ..........             (no amulet)
HPRegen  0.13/turn              (no ring)
MPRegen  0.09/turn              (no ring)

@: no status effects
A: no striking features
a: no special abilities


You were on level 3 of the Dungeon.
You visited 1 branch of the dungeon, and saw 4 of its levels.

You collected 151 gold pieces.

Inventory:

Hand Weapons
 a - a +0 long sword (weapon)
 u - a +0 dagger of electrocution
Missiles
 h - 79 stones
 j - 35 bolts
Armour
 c - a +0 kite shield (worn)
 e - a +2 pair of gloves (worn)
 m - a +1 pair of boots (worn)
 q - a +0 chain mail (worn)
Scrolls
 k - a scroll of enchant weapon {unknown}
 l - a scroll of amnesia {unknown}
 n - a scroll of enchant armour {unknown}
 p - 2 scrolls of identify {unknown}
 r - a scroll of magic mapping {unknown}
 s - a scroll of fear {unknown}
 t - a scroll of fog {unknown}
Potions
 b - a potion of mutation {unknown}
 d - 2 potions of might
 f - a potion of curing {unknown}
 g - 3 potions of brilliance
 i - a potion of attraction {unknown}
 o - a potion of heal wounds {unknown}


   Skills:
 + Level 3.3 Fighting
 + Level 3.2 Long Blades
 + Level 3.6 Armour
 + Level 0.6 Dodging
 + Level 0.1 Stealth
 + Level 3.5 Shields


You had one spell level left.
You knew the following spells:

 Your Spells              Type           Power      Damage    Failure   Level
a - Summon Small Mammal   Summ           0%         N/A       100%        1
b - Animate Skeleton      Necr           0%         N/A       100%        1
c - Corona                Hex            0%         N/A       100%        1

Your spell library contained the following spells:

 Spells                   Type           Power      Damage    Failure   Level
 Apportation              Tloc           0%         N/A       100%        1
 Sandblast                Erth           0%         2d4       100%        1
 Passwall                 Tmut/Erth      0%         N/A       100%        2
 Lee's Rapid Deconstruct  Erth           0%         3d5*      100%        5


Dungeon Overview and Level Annotations

Branches:
Dungeon (4/15)
 Temple: D:4-7

Altars:
Dithmenos
Trog

Shops:
D:1 (

Annotations:
D:3 Pikel


Message History

Pikel says, "You'll make a fine lemure."
Pikel hits you but does no damage. The lemure hits you but does no damage.
Pikel hits you but does no damage.
You hit the lemure but do no damage.
The lemure is lightly wounded.
The lemure barely misses you.
Pikel hits you with a +1 whip of freezing.
Pikel freezes you. You block the lemure's attack.
Pikel hits you with a +1 whip of freezing.
Pikel freezes you.
* * * LOW HITPOINT WARNING * * *
The lemure hits you but does no damage.
You climb upwards.
There is a stone staircase leading down here.
Pikel says, "Hell isn't that bad."
Pikel says, "Hell isn't that bad."
Pikel cracks his whip.
You hit Pikel but do no damage.
Pikel is lightly wounded.
Pikel hits you but does no damage.
Pikel hits you with a +1 whip of freezing.
Pikel freezes you. The lemure barely misses you.
Pikel hits you with a +1 whip of freezing!
* * * LOW HITPOINT WARNING * * *
Pikel freezes you.
* * * LOW HITPOINT WARNING * * *
Pikel cracks his whip.
Pikel waves his whip at you.
You see here a +0 robe.
Pikel says, "Hell isn't that bad."
Pikel says, "I'm sure they'll be treated well, anyway."
Pikel says, "I'm sure they'll be treated well, anyway."
Pikel hits you with a +1 whip of freezing.
* * * LOW HITPOINT WARNING * * *
Pikel freezes you.
* * * LOW HITPOINT WARNING * * *
You block Pikel's attack.
There is a stone staircase leading up here.
Pikel hits you with a +1 whip of freezing.
You die...

############# ##### #...........#
##...#
#.##.....##.################...[.
#.##.............................
...#.....###.#######...#####.....
.........###.#######........#...#
...##.#.>..............#####.###.
#.####.#####.############# ##.#.#
#.# #.#####....@K5......# ##.##
#.## #............>..###.# #.#
...#################.# #.# #.#
.#....# #.# #.# #># ...##.# #.#
#.# #.# #.###.# #.# #.# ##.## ..#
#.# #.# #.# #.#.. .## #.# #.# #.#
##..## .# #.####
######.#######.####


You could see Pikel and a lemure.

Vanquished Creatures
  A hound (D:4)
  A worm (D:3)
  A dart slug (D:1)
  An orc (D:3)
  7 bats
  8 endoplasms
  A giant cockroach (D:3)
  5 goblins (D:1)
  5 hobgoblins
  3 quokkas
  6 ball pythons
  4 frilled lizards
  8 kobolds
  5 rats
56 creatures vanquished.

Notes
Turn   | Place    | Note
-------+----------+-------------------------------------------
     0 | D:1      | xaos the Human Fighter began the quest for the Orb.
     0 | D:1      | Reached XP level 1. HP: 18/18 MP: 1/1
   272 | D:1      | Reached XP level 2. HP: 23/24 MP: 2/2
   464 | D:1      | Found Fytraosu's Antique Weapon Emporium.
   642 | D:1      | Reached XP level 3. HP: 29/29 MP: 3/3
   689 | D:1      | Found a faded altar of an unknown god.
  1541 | D:2      | Reached XP level 4. HP: 35/35 MP: 4/4
  1917 | D:3      | Learned a level 1 spell: Summon Small Mammal
  1919 | D:3      | Learned a level 1 spell: Animate Skeleton
  1921 | D:3      | Learned a level 1 spell: Corona
  2341 | D:3      | Found a bloodstained altar of Trog.
  2624 | D:3      | Found a shadowy altar of Dithmenos.
  2684 | D:4      | Noticed a lemure
  2688 | D:4      | Reached XP level 5. HP: 26/41 MP: 5/5
  2708 | D:4      | Noticed Pikel
  2806 | D:4      | Noticed a lemure
  2809 | D:4      | Noticed a lemure
  2816 | D:4      | Noticed a lemure
  3077 | D:3      | HP: 2/41 [Pikel (4)]
  3096 | D:3      | Slain by Pikel

Illustrated notes

Levels and vault maps discovered:
D:1:      dpeg_arrival_subterranean_lakeside_camping, layout_loops_ring,
          serial_shops, shop, hellmonk_ecumenical_altar_prayer_group
D:2:      layout_basic, minmay_cut_off
D:3:      layout_loops_ring, mainiacjoe_overflow_swirl
D:4:      layout_basic, minmay_temple_entry_steel_oval, kennysheep_diamond,
          uniq_pikel

Skill      XL: |  1  2  3  4 |
---------------+-------------+-----
Long Blades    | 3 |  3.2
Fighting       | |  3.3
Armour         | |  3.6
Dodging        | |  0.6
Stealth        | |  0.1
Shields        | |  3.5

Action                   |  1- 3 |  4- 6 || total
-------------------------+-------+-------++-------
Melee: Long sword        |    96 |    58 ||   154
  Use: Scroll            |     2 |       ||     2
       Potion            |     1 |     1 ||     2
Armor: Scale mail        |    63 |     4 ||    67
       Chain mail        |       |    33 ||    33
Dodge: Dodged            |    31 |    15 ||    46
Block: Kite shield       |    55 |    33 ||    88
       Rpst.: Long sword |    14 |     5 ||    19
